[Event "Mitropa Cup Open 2019"]
[Site "Radenci"]
[Date "2019.06.01"]
[Round "6.1"]
[White "Mihok, Oliver"]
[Black "Sebenik, Matej"]
[Result "1/2-1/2"]
[ECO "B33"]
[WhiteElo "2541"]
[BlackElo "2522"]
[Annotator "ChessBase"]
[PlyCount "110"]
[EventDate "2019.05.27"]
[EventType "team-tourn"]
[EventCountry "SLO"]
[SourceTitle "playchess.com"]
[Source "ChessBase"]
[SourceQuality "1"]
[WhiteTeam "Hungary"]
[BlackTeam "Slovenia"]
[WhiteTeamCountry "HUN"]
[BlackTeamCountry "SLO"]
[TimeControl "40/5400+30:1800+30"]

1. e4 c5 2. Nf3 Nc6 3. d4 cxd4 4. Nxd4 Nf6 5. Nc3 e5 6. Ndb5 d6 7. Bg5 a6 8. Na3 b5 9. Bxf6 gxf6 10. Nd5 f5 11. Bd3 Be6 12. c3 Bg7 13. Nxb5 axb5 14. Bxb5 Rc8 15. Qa4 Bd7 16. exf5 O-O 17. O-O e4 18. Rfe1 Ne5 19. Bxd7 Nxd7 20. Qxe4 Nf6 21. Nxf6+ Bxf6 22. a4 d5 23. Qe2 Qd7 24. Qd3 Kh8 25. a5 Rb8 26. Re2 Qb5 27. Qxb5 Rxb5 28. a6 Ra8 29. g4 h6 30. Rd2 Ra7 31. Ra4 Kg7 32. Kg2 Rb6 33. Ra2 d4 34. cxd4 Raxa6 35. Rxa6 Rxa6 36. Kf3 Rb6 37. Ke4 Kf8 38. f4 Ke7 39. Rg2 Rb4 40. Rd2 Kd7 41. Kd5 Rb3 42. Rg2 Rb6 43. g5 Rd6+ 44. Ke4 Rxd4+ 45. Ke3 hxg5 46. fxg5 Be5 47. g6 fxg6 48. fxg6 Bg7 49. Rd2 Rxd2 50. Kxd2 Bxb2 51. Ke3 Ke7 52. h4 Kf6 53. h5 Kg5 54. g7 Bxg7 55. h6 Bxh6 1/2-1/2

[Event "Mitropa Cup Open 2019"]
[Site "Radenci"]
[Date "2019.06.01"]
[Round "6.2"]
[White "Markoja, Boris"]
[Black "Nagy, Gabor"]
[Result "1-0"]
[ECO "E71"]
[WhiteElo "2441"]
[BlackElo "2471"]
[Annotator "ChessBase"]
[PlyCount "93"]
[EventDate "2019.05.27"]
[EventType "team-tourn"]
[EventCountry "SLO"]
[SourceTitle "playchess.com"]
[Source "ChessBase"]
[SourceQuality "1"]
[WhiteTeam "Slovenia"]
[BlackTeam "Hungary"]
[WhiteTeamCountry "SLO"]
[BlackTeamCountry "HUN"]
[TimeControl "40/5400+30:1800+30"]

1. c4 Nf6 2. Nc3 g6 3. e4 d6 4. d4 Bg7 5. h3 O-O 6. Be3 e5 7. d5 a5 8. g4 Na6 9. Nge2 Nc5 10. Ng3 Qe7 11. Be2 c6 12. h4 cxd5 13. cxd5 Qd7 14. f3 h5 15. gxh5 Nxh5 16. Nxh5 gxh5 17. Qd2 f5 18. O-O-O Qc7 19. Kb1 f4 20. Bf2 Bd7 21. Bb5 b6 22. Bc6 Bxc6 23. dxc6 Qxc6 24. Qxd6 Qxd6 25. Rxd6 Rad8 26. Rxb6 Nd3 27. Rf1 Rb8 28. Nd5 Nxf2 29. Rxb8 Rxb8 30. Rxf2 Kf7 31. Rc2 Bf8 32. Rc7+ Ke6 33. Kc2 Bd6 34. Rh7 Rc8+ 35. Kb1 Bc5 36. Rh6+ Kf7 37. Rxh5 Be3 38. Rh7+ Ke6 39. Rh6+ Kf7 40. Rh7+ Ke6 41. Rc7 Rg8 42. Rc6+ Kf7 43. Rf6+ Ke8 44. Re6+ Kf7 45. Re7+ Kf8 46. Rxe5 Rg2 47. Nxf4 1-0

[Event "Mitropa Cup Open 2019"]
[Site "Radenci"]
[Date "2019.06.01"]
[Round "6.3"]
[White "Kozak, Adam"]
[Black "Janzelj, Tim"]
[Result "1/2-1/2"]
[ECO "E05"]
[WhiteElo "2458"]
[BlackElo "2384"]
[Annotator "ChessBase"]
[PlyCount "153"]
[EventDate "2019.05.27"]
[EventType "team-tourn"]
[EventCountry "SLO"]
[SourceTitle "playchess.com"]
[Source "ChessBase"]
[SourceQuality "1"]
[WhiteTeam "HUN"]
[BlackTeam "SLO"]
[WhiteTeamCountry "HUN"]
[TimeControl "40/5400+30:1800+30"]

1. Nf3 d5 2. g3 Nf6 3. Bg2 e6 4. O-O Be7 5. c4 O-O 6. d4 dxc4 7. Qc2 a6 8. a4 Bd7 9. Qxc4 Bc6 10. Bg5 Bd5 11. Qc2 Be4 12. Qc1 h6 13. Bxf6 Bxf6 14. Rd1 a5 15. Nbd2 Bh7 16. Nb3 c6 17. Qc3 Nd7 18. Ne5 Nb6 19. Nxa5 Nd5 20. Bxd5 Qxa5 21. Bb3 Qxc3 22. bxc3 Bxe5 23. dxe5 Ra5 24. f4 Rfa8 25. Ra2 Be4 26. Kf2 c5 27. Rad2 Bc6 28. Rd8+ Kh7 29. Bc2+ g6 30. Rxa8 Rxa8 31. Ke3 Kg7 32. Rb1 g5 33. Ra1 Ra5 34. c4 Ra6 35. Kd2 f6 36. exf6+ Kxf6 37. Ra3 gxf4 38. gxf4 e5 39. f5 e4 40. Rh3 Kg5 41. Ke3 Ra8 42. Rg3+ Kxf5 43. Rf3+ Kg5 44. Rf4 Ra5 45. Rf8 Bxa4 46. Bxe4 Bc6 47. Bd3 Kg4 48. Rf4+ Kg5 49. h4+ Kh5 50. Rf6 Ra1 51. Rf5+ Kxh4 52. Rxc5 Kg4 53. Be4 Bxe4 54. Kxe4 Ra8 55. Rc7 Re8+ 56. Kd5 Rxe2 57. Rxb7 h5 58. c5 Rd2+ 59. Ke4 Re2+ 60. Kd3 Re8 61. Rg7+ Kf3 62. Rf7+ Kg3 63. Rg7+ Kf3 64. Rh7 Kg4 65. Kd4 h4 66. c6 h3 67. Kd5 Kg3 68. c7 h2 69. Kd6 Rc8 70. Kd7 Rxc7+ 71. Kxc7 Kg2 72. Rg7+ Kf2 73. Rf7+ Kg2 74. Rg7+ Kf2 75. Rh7 Kg2 76. Rxh2+ Kxh2 77. Kd6 1/2-1/2

[Event "Mitropa Cup Open 2019"]
[Site "Radenci"]
[Date "2019.06.01"]
[Round "6.4"]
[White "Subelj, Jan"]
[Black "Csonka, Balazs"]
[Result "1/2-1/2"]
[ECO "C42"]
[WhiteElo "2407"]
[BlackElo "2466"]
[Annotator "ChessBase"]
[PlyCount "72"]
[EventDate "2019.05.27"]
[EventType "team-tourn"]
[EventCountry "SLO"]
[SourceTitle "playchess.com"]
[Source "ChessBase"]
[SourceQuality "1"]
[WhiteTeam "SLO"]
[BlackTeam "HUN"]
[WhiteTeamCountry "SLO"]
[TimeControl "40/5400+30:1800+30"]

1. e4 e5 2. Nf3 Nf6 3. Nxe5 d6 4. Nf3 Nxe4 5. Qe2 Qe7 6. d3 Nf6 7. Bg5 Nbd7 8. Nc3 Qxe2+ 9. Bxe2 h6 10. Bf4 g6 11. O-O-O Bg7 12. Rhe1 O-O 13. d4 Nb6 14. h3 Be6 15. Bd3 Nfd5 16. Nxd5 Bxd5 17. Be4 Bxe4 18. Rxe4 Rfe8 19. Rde1 Rxe4 20. Rxe4 f5 21. Re2 Kf7 22. c3 Nd5 23. Bd2 b5 24. Kc2 a5 25. b3 a4 26. c4 axb3+ 27. Kxb3 bxc4+ 28. Kxc4 c6 29. Kb3 Rb8+ 30. Kc2 Ra8 31. Kb3 Rb8+ 32. Kc2 g5 33. a4 Nb6 34. a5 Nc4 35. Kd3 Nb2+ 36. Kc2 Nc4 1/2-1/2

[Event "Mitropa Cup Open 2019"]
[Site "Radenci"]
[Date "2019.06.01"]
[Round "6.6"]
[White "Pelletier, Yannick"]
[Black "Blohberger, Felix"]
[Result "1/2-1/2"]
[ECO "D38"]
[WhiteElo "2547"]
[BlackElo "2475"]
[Annotator "ChessBase"]
[PlyCount "76"]
[EventDate "2019.05.27"]
[EventType "team-tourn"]
[EventCountry "SLO"]
[SourceTitle "playchess.com"]
[Source "ChessBase"]
[SourceQuality "1"]
[WhiteTeam "SUI"]
[BlackTeam "AUT"]
[BlackTeamCountry "AUT"]
[TimeControl "40/5400+30:1800+30"]

1. d4 Nf6 2. c4 e6 3. Nf3 d5 4. Nc3 Bb4 5. Bg5 h6 6. Bxf6 Qxf6 7. Qa4+ Nc6 8. e3 O-O 9. Rc1 Qg6 10. Qc2 Qxc2 11. Rxc2 Rd8 12. a3 Bf8 13. Nb5 Bd7 14. cxd5 exd5 15. Bd3 Rac8 16. Ke2 a6 17. Nc3 Ne7 18. Rhc1 c5 19. dxc5 Rxc5 20. Kd2 Rdc8 21. Nd4 g6 22. b4 R5c7 23. Nce2 Rxc2+ 24. Rxc2 Bg7 25. Rxc8+ Nxc8 26. Nb3 Kf8 27. Nc5 Bc6 28. Nd4 Bxd4 29. exd4 Nd6 30. f3 Ke7 31. Kc3 Bb5 32. a4 Bxd3 33. Nxd3 Kd7 34. g4 g5 35. Nc1 Kc6 36. Nd3 Kd7 37. Nc5+ Kc6 38. Nd3 Kd7 1/2-1/2

[Event "Mitropa Cup Open 2019"]
[Site "Radenci"]
[Date "2019.06.01"]
[Round "6.7"]
[White "Mesaros, Florian"]
[Black "Studer, Noel"]
[Result "0-1"]
[ECO "E53"]
[WhiteElo "2439"]
[BlackElo "2517"]
[Annotator "ChessBase"]
[PlyCount "80"]
[EventDate "2019.05.27"]
[EventType "team-tourn"]
[EventCountry "SLO"]
[SourceTitle "playchess.com"]
[Source "ChessBase"]
[SourceQuality "1"]
[WhiteTeam "Austria"]
[BlackTeam "Switzerland"]
[WhiteTeamCountry "AUT"]
[BlackTeamCountry "SUI"]
[TimeControl "40/5400+30:1800+30"]

1. d4 Nf6 2. c4 e6 3. Nc3 Bb4 4. e3 O-O 5. Nf3 c5 6. Bd3 d5 7. cxd5 exd5 8. dxc5 Nbd7 9. O-O Nxc5 10. Ne2 Bg4 11. b3 Nfe4 12. Ned4 Bc3 13. Rb1 Bxd4 14. exd4 Ne6 15. Qe1 Bxf3 16. gxf3 N4g5 17. Kg2 Nxd4 18. f4 Qd7 19. f3 Qh3+ 20. Kh1 Ngxf3 21. Qg3 Qxg3 22. hxg3 Rfe8 23. Bb2 Re3 24. Rbd1 Rc8 25. Rf2 Rc6 26. Bxd4 Rh6+ 27. Kg2 Rh2+ 28. Kf1 Rh1+ 29. Kg2 Rxd1 30. Bxh7+ Kxh7 31. Bxe3 Ne1+ 32. Kh3 d4 33. Bd2 Nd3 34. Re2 Ra1 35. Kg4 Rxa2 36. Rh2+ Kg8 37. Re2 f6 38. Kf5 Kf7 39. Ke4 Nc5+ 40. Kxd4 Rxd2+ 0-1

[Event "Mitropa Cup Open 2019"]
[Site "Radenci"]
[Date "2019.06.01"]
[Round "6.8"]
[White "Stijve, Theo"]
[Black "Horvath, Dominik"]
[Result "0-1"]
[ECO "C72"]
[WhiteElo "2310"]
[BlackElo "2406"]
[Annotator "ChessBase"]
[PlyCount "120"]
[EventDate "2019.05.27"]
[EventType "team-tourn"]
[EventCountry "SLO"]
[SourceTitle "playchess.com"]
[Source "ChessBase"]
[SourceQuality "1"]
[WhiteTeam "Switzerland"]
[BlackTeam "Austria"]
[WhiteTeamCountry "SUI"]
[BlackTeamCountry "AUT"]
[TimeControl "40/5400+30:1800+30"]

1. e4 e5 2. Nf3 Nc6 3. Bb5 a6 4. Ba4 d6 5. O-O Bd7 6. c3 g5 7. d4 g4 8. Ne1 h5 9. f4 exd4 10. cxd4 d5 11. Nc3 dxe4 12. d5 Nce7 13. Qd4 f6 14. Bb3 Nf5 15. Qxe4+ Qe7 16. Qd3 Qc5+ 17. Kh1 O-O-O 18. Nc2 Re8 19. Ne4 Qb6 20. Be3 Bb5 21. Bc4 Bxc4 22. Qxc4 Qb5 23. Qxb5 axb5 24. Bc5 Rxe4 25. Bxf8 Nge7 26. Bxe7 Rxe7 27. Rac1 h4 28. Kg1 Rd8 29. Rfd1 Re4 30. Na3 Nd4 31. Kf2 f5 32. Rd2 g3+ 33. hxg3 hxg3+ 34. Kxg3 Ne2+ 35. Rxe2 Rxe2 36. Nxb5 Rxd5 37. Nxc7 Rd3+ 38. Kh2 Kd8 39. Nb5 Rdd2 40. Rc5 Rxg2+ 41. Kh3 Rg7 42. Rxf5 Rxb2 43. Nd4 Rh7+ 44. Kg4 Rg2+ 45. Kf3 Rxa2 46. Rb5 Kc7 47. Ke4 Re7+ 48. Kd3 Ra3+ 49. Nb3 Kc6 50. Rb4 b5 51. Kc3 Re3+ 52. Kb2 Ra4 53. Rxa4 bxa4 54. Nd4+ Kc5 55. Nc2 Rb3+ 56. Ka2 Rf3 57. Ne1 Rf2+ 58. Ka3 Kc4 59. f5 Kc3 60. f6 Kd2 0-1

[Event "Mitropa Cup Open 2019"]
[Site "Radenci"]
[Date "2019.06.01"]
[Round "6.9"]
[White "Perske, Thore"]
[Black "Jovanic, Ognjen"]
[Result "1/2-1/2"]
[ECO "B83"]
[WhiteElo "2456"]
[BlackElo "2511"]
[Annotator "ChessBase"]
[PlyCount "61"]
[EventDate "2019.05.27"]
[EventType "team-tourn"]
[EventCountry "SLO"]
[SourceTitle "playchess.com"]
[Source "ChessBase"]
[SourceQuality "1"]
[WhiteTeam "Germany"]
[BlackTeam "Croatia"]
[WhiteTeamCountry "GER"]
[BlackTeamCountry "CRO"]
[TimeControl "40/5400+30:1800+30"]

1. e4 c5 2. Nf3 e6 3. d4 cxd4 4. Nxd4 Nc6 5. Nc3 Qc7 6. Be3 Nf6 7. Be2 Be7 8. f4 d6 9. O-O O-O 10. Kh1 Nxd4 11. Qxd4 b6 12. a4 Bb7 13. Bf3 Rfd8 14. Nb5 Qb8 15. c4 Nd7 16. Qd2 Nc5 17. Qc2 a6 18. Nd4 Qc7 19. f5 a5 20. Nb5 Qb8 21. Bd4 Bc6 22. Nc3 Qb7 23. Rae1 Re8 24. Bxc5 dxc5 25. e5 Bf8 26. f6 g6 27. Bxc6 Qxc6 28. Qe4 Qxe4 29. Nxe4 Red8 30. Rd1 Bh6 31. Rd6 1/2-1/2

[Event "Mitropa Cup Open 2019"]
[Site "Radenci"]
[Date "2019.06.01"]
[Round "6.10"]
[White "Kovacevic, Blazimir"]
[Black "Kunin, Vitaly"]
[Result "1/2-1/2"]
[ECO "A20"]
[WhiteElo "2456"]
[BlackElo "2518"]
[Annotator "ChessBase"]
[PlyCount "67"]
[EventDate "2019.05.27"]
[EventType "team-tourn"]
[EventCountry "SLO"]
[SourceTitle "playchess.com"]
[Source "ChessBase"]
[SourceQuality "1"]
[WhiteTeam "CRO"]
[BlackTeam "GER"]
[WhiteTeamCountry "CRO"]
[TimeControl "40/5400+30:1800+30"]

1. g3 e5 2. c4 Nf6 3. Bg2 d5 4. cxd5 Nxd5 5. Nf3 Nc6 6. O-O Nb6 7. b3 g6 8. Nc3 Bg7 9. Ba3 Be6 10. Rc1 h6 11. d3 Nc8 12. e3 Nd6 13. d4 exd4 14. Nxd4 Nxd4 15. exd4 O-O 16. Bxd6 cxd6 17. Bxb7 Rb8 18. Bd5 Bh3 19. Re1 h5 20. Bg2 Bxg2 21. Kxg2 Rb4 22. Qf3 Rxd4 23. Nb5 Rd2 24. Nxa7 Qa5 25. Nc6 Qxa2 26. Rcd1 Rxd1 27. Rxd1 Be5 28. Rd5 Qb2 29. Qe3 Kh7 30. Rd2 Qc1 31. Nxe5 dxe5 32. Re2 Qc7 33. Qxe5 Qb7+ 34. Qe4 1/2-1/2

[Event "Mitropa Cup Open 2019"]
[Site "Radenci"]
[Date "2019.06.01"]
[Round "6.11"]
[White "Lagunow, Raphael"]
[Black "Tica, Sven"]
[Result "1/2-1/2"]
[ECO "D32"]
[WhiteElo "2420"]
[BlackElo "2417"]
[Annotator "ChessBase"]
[PlyCount "73"]
[EventDate "2019.05.27"]
[EventType "team-tourn"]
[EventCountry "SLO"]
[SourceTitle "playchess.com"]
[Source "ChessBase"]
[SourceQuality "1"]
[WhiteTeam "Germany"]
[BlackTeam "Croatia"]
[WhiteTeamCountry "GER"]
[BlackTeamCountry "CRO"]
[TimeControl "40/5400+30:1800+30"]

1. Nf3 d5 2. c4 e6 3. e3 Nf6 4. Nc3 c5 5. cxd5 exd5 6. d4 a6 7. Be2 Nc6 8. O-O Be7 9. b3 O-O 10. dxc5 Bxc5 11. Bb2 Ba7 12. Rc1 Re8 13. Na4 Ne4 14. Nd4 Ne5 15. Nc3 Nf6 16. Na4 Ne4 17. Nc3 Nf6 18. Na4 Qd6 19. Nf3 Nc6 20. Bxf6 gxf6 21. Nc3 Rd8 22. Qc2 Bg4 23. Rfd1 Qe6 24. Nd4 Nxd4 25. exd4 Bf5 26. Bd3 Bg6 27. Ne2 Rac8 28. Qd2 Rxc1 29. Rxc1 Rc8 30. Rxc8+ Qxc8 31. h3 Kg7 32. Qe3 Qe6 33. Nf4 Qb6 34. Nxd5 Qxd4 35. Qxd4 Bxd4 36. Nf4 Be5 37. Nxg6 1/2-1/2

[Event "Mitropa Cup Open 2019"]
[Site "Radenci"]
[Date "2019.06.01"]
[Round "6.12"]
[White "Srbis, Jurica"]
[Black "Schmidek, Emil"]
[Result "0-1"]
[ECO "E14"]
[WhiteElo "2429"]
[BlackElo "2396"]
[Annotator "ChessBase"]
[PlyCount "78"]
[EventDate "2019.05.27"]
[EventType "team-tourn"]
[EventCountry "SLO"]
[SourceTitle "playchess.com"]
[Source "ChessBase"]
[SourceQuality "1"]
[WhiteTeam "Croatia"]
[BlackTeam "Germany"]
[WhiteTeamCountry "CRO"]
[BlackTeamCountry "GER"]
[TimeControl "40/5400+30:1800+30"]

1. d4 Nf6 2. c4 e6 3. Nf3 b6 4. e3 Bb7 5. Nc3 d5 6. cxd5 exd5 7. Bb5+ c6 8. Bd3 Be7 9. O-O O-O 10. Ne5 c5 11. b3 Nc6 12. Bb5 Nxe5 13. dxe5 Ne8 14. Bb2 d4 15. Ne2 Qd5 16. f3 Qxe5 17. exd4 cxd4 18. Bd3 Bd6 19. Ng3 Qe3+ 20. Rf2 g6 21. Qf1 Qf4 22. Re1 Nf6 23. Be4 Nxe4 24. fxe4 Qe5 25. Bc1 Bc5 26. Kh1 d3 27. Rf3 Ba6 28. Bd2 Rad8 29. Rc1 Bd4 30. Rc6 Bb5 31. Rcf6 Bc3 32. Qf2 Bxd2 33. Qxd2 Rd6 34. Nh5 gxh5 35. R6f5 Qg7 36. Qf4 Qa1+ 37. Rf1 Qxf1+ 38. Qxf1 d2 39. Rg5+ Kh8 0-1

[Event "Mitropa Cup Open 2019"]
[Site "Radenci"]
[Date "2019.06.01"]
[Round "6.13"]
[White "Nguyen, Thai Dai Van"]
[Black "Gazik, Viktor"]
[Result "1/2-1/2"]
[ECO "B12"]
[WhiteElo "2548"]
[BlackElo "2520"]
[Annotator "ChessBase"]
[PlyCount "85"]
[EventDate "2019.05.27"]
[EventType "team-tourn"]
[EventCountry "SLO"]
[SourceTitle "playchess.com"]
[Source "ChessBase"]
[SourceQuality "1"]
[WhiteTeam "Czech Republic"]
[BlackTeam "Slovakia"]
[WhiteTeamCountry "CZE"]
[BlackTeamCountry "SVK"]
[TimeControl "40/5400+30:1800+30"]

1. e4 c6 2. d4 d5 3. e5 Bf5 4. Nf3 e6 5. Be2 Ne7 6. O-O Nd7 7. Nbd2 h6 8. Nb3 g5 9. a4 a5 10. Bd2 Bg7 11. c4 O-O 12. c5 f6 13. exf6 Nxf6 14. Ne5 Ne4 15. Be3 Bh7 16. Bd3 Nf5 17. Bxe4 dxe4 18. Nc4 Bg6 19. Qc2 Nh4 20. Ne5 Bh7 21. Nd2 Qe8 22. Ndc4 Rd8 23. Qe2 Rd5 24. Ra3 Nf5 25. Rb3 Rxd4 26. Rxb7 Rd5 27. f4 exf3 28. Nxf3 Nxe3 29. Qxe3 g4 30. Nfe5 Rxf1+ 31. Kxf1 Qf8+ 32. Ke1 Qf5 33. Rb8+ Bf8 34. h3 Kg7 35. Rb7+ Kg8 36. Rb8 Kg7 37. Rb7+ Kg8 38. Rb8 Kg7 39. Rb7+ Kg8 40. Nxg4 Qb1+ 41. Ke2 Qd1+ 42. Kf2 Bxc5 43. Nf6+ {[%emt 0:00:18] Qb1 Ng4 Bf8} 1/2-1/2

[Event "Mitropa Cup Open 2019"]
[Site "Radenci"]
[Date "2019.06.01"]
[Round "6.14"]
[White "Druska, Juraj"]
[Black "Vykouk, Jan"]
[Result "1/2-1/2"]
[ECO "B31"]
[WhiteElo "2460"]
[BlackElo "2451"]
[Annotator "ChessBase"]
[PlyCount "129"]
[EventDate "2019.05.27"]
[EventType "team-tourn"]
[EventCountry "SLO"]
[SourceTitle "playchess.com"]
[Source "ChessBase"]
[SourceQuality "1"]
[WhiteTeam "Slovakia"]
[BlackTeam "Czech Republic"]
[WhiteTeamCountry "SVK"]
[BlackTeamCountry "CZE"]
[TimeControl "40/5400+30:1800+30"]

1. e4 c5 2. Nf3 Nc6 3. Bb5 g6 4. O-O Bg7 5. Re1 Nf6 6. Bxc6 dxc6 7. d3 O-O 8. h3 Nd7 9. e5 f6 10. exf6 exf6 11. Bf4 Re8 12. Nbd2 Rxe1+ 13. Qxe1 Nf8 14. Qe3 Ne6 15. Re1 Bd7 16. Bd6 Qa5 17. Nb3 Qxa2 18. Nxc5 Nxc5 19. Qxc5 Re8 20. Rxe8+ Bxe8 21. Qe3 Bf7 22. c4 Qxb2 23. Qxa7 h5 24. Kh2 Qb3 25. Qe3 Qc3 26. Nd4 Qa1 27. f4 Qa8 28. Qe7 Qc8 29. f5 gxf5 30. Bf4 Be8 31. Qc5 Qd7 32. Nxf5 b6 33. Qe3 Qxf5 34. Qxe8+ Kh7 35. Bd6 Bh6 36. Qe7+ Kg6 37. Qe8+ Kh7 38. Qf7+ Kh8 39. Qc7 Qxd3 40. Qxc6 Qe3 41. Qc8+ Kg7 42. Qf5 Bg5 43. Bg3 h4 44. Bc7 Qd4 45. Qe6 Bf4+ 46. Bxf4 Qxf4+ 47. Kg1 Qd4+ 48. Kf1 Qd1+ 49. Qe1 Qd3+ 50. Qe2 Qd4 51. Qe6 Qd1+ 52. Kf2 Qd2+ 53. Kf3 Qd3+ 54. Qe3 Qxc4 55. Qxb6 Qf1+ 56. Qf2 Qxf2+ 57. Kxf2 Kg6 58. Ke3 Kg5 59. Ke4 Kg6 60. Kf4 f5 61. Ke5 Kg5 62. Ke6 Kg6 63. Ke5 Kg5 64. Ke6 Kg6 65. Ke5 1/2-1/2

[Event "Mitropa Cup Open 2019"]
[Site "Radenci"]
[Date "2019.06.01"]
[Round "6.15"]
[White "Zilka, Stepan"]
[Black "Pechac, Jergus"]
[Result "1-0"]
[ECO "C45"]
[WhiteElo "2527"]
[BlackElo "2461"]
[Annotator "ChessBase"]
[PlyCount "91"]
[EventDate "2019.05.27"]
[EventType "team-tourn"]
[EventCountry "SLO"]
[SourceTitle "playchess.com"]
[Source "ChessBase"]
[SourceQuality "1"]
[WhiteTeam "Czech Republic"]
[BlackTeam "Slovakia"]
[WhiteTeamCountry "CZE"]
[BlackTeamCountry "SVK"]
[TimeControl "40/5400+30:1800+30"]

1. e4 e5 2. Nf3 Nc6 3. d4 exd4 4. Nxd4 Nf6 5. Nxc6 bxc6 6. e5 Qe7 7. Qe2 Nd5 8. h4 a5 9. g3 Ba6 10. c4 Qe6 11. Bh3 Bb4+ 12. Nd2 Qg6 13. a3 Bxd2+ 14. Bxd2 Qc2 15. Rc1 Qxb2 16. O-O Nb6 17. Rfd1 Qxa3 18. Qg4 O-O-O 19. c5 Nd5 20. Qd4 Rde8 21. Ra1 Qd3 22. Qa4 Qb5 23. Qg4 Qxc5 24. Qxd7+ Kb8 25. Rdc1 Qe7 26. Qxc6 Nb6 27. Bg2 Qd7 28. Qxd7 Nxd7 29. Bxa5 Rc8 30. Rcb1+ Ka7 31. Bf1 Rb8 32. Rxb8 Nxb8 33. Bxc7 Kb7 34. Bxb8 Bxf1 35. Rb1+ Ka8 36. Kxf1 Rxb8 37. Ra1+ Kb7 38. Rb1+ Ka8 39. Rxb8+ Kxb8 40. Ke2 Kc7 41. Kd3 Kd7 42. Ke4 Ke7 43. Kf5 f6 44. exf6+ gxf6 45. g4 Kf7 46. g5 1-0

[Event "Mitropa Cup Open 2019"]
[Site "Radenci"]
[Date "2019.06.01"]
[Round "6.16"]
[White "Sahidi, Samir"]
[Black "Miesbauer, Jan"]
[Result "0-1"]
[ECO "B88"]
[WhiteElo "2400"]
[BlackElo "2407"]
[Annotator "ChessBase"]
[PlyCount "66"]
[EventDate "2019.05.27"]
[EventType "team-tourn"]
[EventCountry "SLO"]
[SourceTitle "playchess.com"]
[Source "ChessBase"]
[SourceQuality "1"]
[WhiteTeam "Slovakia"]
[BlackTeam "Czech Republic"]
[WhiteTeamCountry "SVK"]
[BlackTeamCountry "CZE"]
[TimeControl "40/5400+30:1800+30"]

1. e4 c5 2. Nf3 Nc6 3. d4 cxd4 4. Nxd4 Nf6 5. Nc3 d6 6. Bc4 e6 7. Be3 Be7 8. Bb3 a6 9. f4 Qc7 10. Qf3 b5 11. a3 Bb7 12. g4 d5 13. e5 Ne4 14. Nxc6 Nxc3 15. Nd4 Na4 16. Bxa4 bxa4 17. O-O h5 18. gxh5 O-O-O 19. Rae1 Bc5 20. Bf2 Qb6 21. c3 Rh6 22. f5 Rdh8 23. Qg4 Kb8 24. Re2 Rxh5 25. Bg3 exf5 26. Qxg7 Bxd4+ 27. cxd4 Qxd4+ 28. Ref2 Ka8 29. Qxf7 Rg5 30. e6 Qe3 31. e7 d4 32. e8=Q+ Rxe8 33. Qc7 Rh8 0-1

[Event "Mitropa Cup Open 2019"]
[Site "Radenci"]
[Date "2019.06.01"]
[Round "6.17"]
[White "Stella, Andrea"]
[Black "Travadon, Loic"]
[Result "1-0"]
[ECO "A84"]
[WhiteElo "2511"]
[BlackElo "2441"]
[Annotator "ChessBase"]
[PlyCount "79"]
[EventDate "2019.05.27"]
[EventType "team-tourn"]
[EventCountry "SLO"]
[SourceTitle "playchess.com"]
[Source "ChessBase"]
[SourceQuality "1"]
[WhiteTeam "Italy"]
[BlackTeam "France"]
[WhiteTeamCountry "ITA"]
[BlackTeamCountry "FRA"]
[TimeControl "40/5400+30:1800+30"]

1. d4 d5 2. c4 c6 3. Nf3 e6 4. e3 Bd6 5. Bd3 f5 6. O-O Nf6 7. Ne5 O-O 8. f4 c5 9. cxd5 cxd4 10. exd4 Nxd5 11. Nc3 Bxe5 12. dxe5 Nxc3 13. bxc3 Qb6+ 14. Kh1 Rd8 15. Ba3 Qc6 16. Bd6 Nd7 17. Rb1 a6 18. Qf3 Qxf3 19. Rxf3 b5 20. c4 Bb7 21. Re3 Nb6 22. Ree1 Rdc8 23. cxb5 Nd5 24. Rf1 Ne3 25. Rf2 axb5 26. Bxb5 Be4 27. Re1 Ng4 28. Rb2 Bd5 29. h3 Nh6 30. a4 Rc3 31. Kh2 Nf7 32. Bb4 Rc7 33. Bd2 Rb7 34. Rc1 g5 35. Rbc2 Rbb8 36. Rc3 Kg7 37. fxg5 Nxe5 38. Bf4 Nf7 39. Bxb8 Rxb8 40. Rc8 1-0

[Event "Mitropa Cup Open 2019"]
[Site "Radenci"]
[Date "2019.06.01"]
[Round "6.18"]
[White "Joie, Sebastien"]
[Black "Sonis, Francesco"]
[Result "1/2-1/2"]
[ECO "D11"]
[WhiteElo "2425"]
[BlackElo "2475"]
[Annotator "ChessBase"]
[PlyCount "160"]
[EventDate "2019.05.27"]
[EventType "team-tourn"]
[EventCountry "SLO"]
[SourceTitle "playchess.com"]
[Source "ChessBase"]
[SourceQuality "1"]
[WhiteTeam "France"]
[BlackTeam "Italy"]
[WhiteTeamCountry "FRA"]
[BlackTeamCountry "ITA"]
[TimeControl "40/5400+30:1800+30"]

1. Nf3 d5 2. g3 c6 3. Bg2 Bg4 4. Ne5 Bf5 5. d4 Nf6 6. O-O e6 7. c4 Nbd7 8. Nc3 Be7 9. Qb3 Qb6 10. Nxd7 Nxd7 11. e4 dxe4 12. Nxe4 O-O 13. Be3 Rfd8 14. Qc3 Nf6 15. Nxf6+ Bxf6 16. c5 Qc7 17. Bf4 Qe7 18. Rfd1 Rd7 19. Bd6 Qd8 20. Rd2 Bg5 21. f4 Be7 22. Bxe7 Qxe7 23. b4 Rad8 24. Re1 a6 25. h3 Qf6 26. Re5 h6 27. g4 Bg6 28. Qe3 Qh4 29. a4 f6 30. Rxe6 Bf7 31. Re4 Kf8 32. Re2 f5 33. gxf5 Qf6 34. Rd2 Qxf5 35. Kh2 Bd5 36. Re5 Qf7 37. Be4 Bxe4 38. Rxe4 Qf6 39. Re6 Qf5 40. Re5 Qf7 41. f5 Kg8 42. Rg2 Kh7 43. Rg4 Qa2+ 44. Kg3 Qf7 45. h4 Kh8 46. f6 Qxf6 47. Re8+ Kh7 48. Qe4+ g6 49. Re6 Qf5 50. Re7+ Kh8 51. Rxg6 Qxe4 52. Rxh6+ Kg8 53. Rxe4 Rxd4 54. Rhe6 Rxe4 55. Rxe4 Kf7 56. Rf4+ Kg6 57. a5 Rd1 58. Kf3 Re1 59. Rg4+ Kf6 60. Rf4+ Ke5 61. Rg4 Kf6 62. h5 Rh1 63. Rg6+ Kf5 64. Rg7 Rxh5 65. Ke3 Ke6 66. Rxb7 Kd5 67. Rb6 Rh3+ 68. Kf4 Rb3 69. Kf5 Rf3+ 70. Kg4 Rb3 71. Kf4 Rb1 72. Ke3 Rb3+ 73. Kf4 Rb1 74. Ke3 Rb3+ 75. Kd2 Kc4 76. Rxa6 Rxb4 77. Rxc6 Ra4 78. Ke3 Rxa5 79. Ke4 Rxc5 80. Rxc5+ Kxc5 1/2-1/2

[Event "Mitropa Cup Open 2019"]
[Site "Radenci"]
[Date "2019.06.01"]
[Round "6.19"]
[White "Shytaj, Luca"]
[Black "Di Nicolantonio, Lucas"]
[Result "1/2-1/2"]
[ECO "C42"]
[WhiteElo "2490"]
[BlackElo "2379"]
[Annotator "ChessBase"]
[PlyCount "149"]
[EventDate "2019.05.27"]
[EventType "team-tourn"]
[EventCountry "SLO"]
[SourceTitle "playchess.com"]
[Source "ChessBase"]
[SourceQuality "1"]
[WhiteTeam "ITA"]
[BlackTeam "FRA"]
[BlackTeamCountry "FRA"]
[TimeControl "40/5400+30:1800+30"]

1. e4 e5 2. Nf3 Nf6 3. Nxe5 d6 4. Nf3 Nxe4 5. Bd3 Nf6 6. O-O Be7 7. c3 O-O 8. Bc2 Bg4 9. d4 Bh5 10. Re1 d5 11. Nbd2 Nbd7 12. Nf1 Bg6 13. Bxg6 hxg6 14. Bg5 Re8 15. Qb3 Nb6 16. Ne5 Nfd7 17. Bf4 Nxe5 18. Bxe5 Qd7 19. a4 a5 20. Ne3 Bf8 21. h3 Re6 22. Re2 Qc6 23. Qb5 Rae8 24. Rc2 Be7 25. b4 axb4 26. cxb4 Qxb5 27. axb5 c6 28. bxc6 Rxc6 29. Rxc6 bxc6 30. Ra6 Nd7 31. Rxc6 Nxe5 32. dxe5 Bxb4 33. Nxd5 Bf8 34. f4 g5 35. g3 gxf4 36. gxf4 Rd8 37. Ne3 g6 38. Kg2 Bh6 39. Kf3 Rd4 40. Rf6 Bg7 41. Rd6 Ra4 42. h4 Ra3 43. Rd8+ Kh7 44. Rd7 Kg8 45. Rc7 Bf8 46. Ke4 Ra4+ 47. Nc4 Be7 48. f5 gxf5+ 49. Kxf5 Bxh4 50. Nd6 Bg3 51. Nxf7 Bxe5 52. Nxe5 Ra6 53. Nd7 Ra1 54. Ne5 Ra6 55. Rb7 Kf8 56. Nd7+ Ke8 57. Nc5 Rc6 58. Ne6 Rc1 59. Nf4 Kd8 60. Nd5 Re1 61. Nf6 Kc8 62. Rg7 Re2 63. Ne4 Re1 64. Ke5 Kb8 65. Re7 Rd1 66. Rf7 Kc8 67. Nc5 Kd8 68. Ke6 Re1+ 69. Kd6 Rd1+ 70. Kc6 Ke8 71. Rc7 Rd2 72. Ra7 Rd1 73. Ne4 Kf8 74. Nf6 Rd6+ 75. Kxd6 1/2-1/2